 Dungeon Crawl Stone Soup version 0.22-b1-59-g0aedee7 (webtiles) character file.

387 MTVSty1e the Chopper (level 6, -11/37 HPs)
             Began as a Gargoyle Monk on Aug 9, 2018.
             Was a Believer of Okawaru.
             Mangled by an orc warrior
             ... wielding a cursed -2 trident
              (12 damage)
             ... on level 4 of the Dungeon.
             The game lasted 00:07:57 (3691 turns).

MTVSty1e the Chopper (Gargoyle Monk)                Turns: 3691, Time: 00:07:58

Health: -11/37     AC: 12    Str: 17    XL:     6   Next: 78%
Magic:  5/6        EV: 11    Int: 10    God:    Okawaru [**....]
Gold:   222        SH:  0    Dex: 12    Spells: 5/5 levels left

rFire    + . .     SeeInvis +   a - +0 hand axe
rCold    . . .     Gourm    +   (no shield)
rNeg     + . .     Faith    .   h - +1 ring mail {rF+}
rPois    ∞         Spirit   .   b - +1 helmet
rElec    +         Reflect  .   (no cloak)
rCorr    .         Harm     .   (no gloves)
MR       .....                  (no boots)
Stlth    +.........             i - amulet of the gourmand
HPRegen  0.12/turn              l - ring of see invisible
MPRegen  0.10/turn              (no ring)

@: no status effects
A: negative energy resistance 1, electricity resistance, unbreathing,
petrification resistance, rot immunity, AC +4
a: Heroism, Renounce Religion


You were on level 4 of the Dungeon.
You worshipped Okawaru.
Okawaru was pleased with you.
You were very hungry.

You visited 2 branches of the dungeon, and saw 7 of its levels.

You collected 222 gold pieces.

Inventory:

Hand Weapons
 a - a +0 hand axe (weapon)
Armour
 b - a +1 helmet (worn)
 h - a +1 ring mail of fire resistance (worn)
Jewellery
 i - an amulet of the gourmand (around neck)
 j - an uncursed ring of resist corrosion {unknown}
 l - a ring of see invisible (left hand)
Scrolls
 f - 2 scrolls of random uselessness {unknown}
 g - 2 scrolls of remove curse {unknown}
 k - 4 scrolls of identify {unknown}
 m - a scroll of teleportation {unknown}
Potions
 d - a potion of brilliance
Comestibles
 c - 6 rations


   Skills:
 - Level 3.2 Fighting
 + Level 6.7 Axes
 - Level 2.4 Dodging
 - Level 2.1 Stealth


You had 5 spell levels left.
You didn't know any spells.
Your spell library was empty.

Dungeon Overview and Level Annotations

Branches:
Dungeon (6/15)             Temple (1/1) D:4

Altars:
Cheibriados
Fedhas
Okawaru
Vehumet
Wu Jian
Zin


Innate Abilities, Weirdness & Mutations

You are resistant to torment.
Your stone body is resilient. (AC +4)
You are immune to poison.
You resist negative energy. (rN+)
You are resistant to electric shocks. (rElec)
You can survive without breathing.
You are immune to petrification.
You are immune to rotting.


Message History

You slash the orc wizard!
You kill the orc wizard!
Okawaru accepts your kill.
The orc warrior hits you with an enchanted trident.
The orc hits you but does no damage.
Things that are here:
a dagger; a robe You slash the orc warrior!
The orc warrior is heavily wounded.
You closely miss the orc.
The orc warrior hits you with an enchanted trident!
* * * LOW HITPOINT WARNING * * *
The orc hits you but does no damage.
You hit the orc warrior but do no damage.
The orc warrior is heavily wounded.
You hit the orc.
You feel like a meek peon again. The orc completely misses you.
The orc warrior hits you with an enchanted trident!
You die...

###
#......l..##.####
#...
#...<........oo..
#...
#.......#####..##
#...# #.......#
#..#
#....############
#..
#..[.....>o.o...#
##
#...#..########.##
## ##o#####
#..##### #o@...#
##..o..###
#####....######.oo>
##.# ...# . .. # #
##


You could see an orc warrior and an orc.

Vanquished Creatures
  A scorpion (D:4)
  A crimson imp (D:6)
  2 orc priests (Temple)
  A worker ant (Temple)
  3 orc wizards
  A howler monkey skeleton (D:4)
  5 adders
  An ooze (D:1)
  2 adder skeletons (D:6)
  2 dart slugs
  3 leopard geckos
  6 orcs
  2 giant cockroaches
  6 goblins
  4 hobgoblins
  7 jackals
  3 quokkas
  2 bats
  5 frilled lizards
  7 kobolds
  A quokka skeleton (D:6)
  11 rats
  A butterfly (D:4)
77 creatures vanquished.

Notes
Turn   | Place    | Note
-------+----------+-------------------------------------------
     0 | D:1      | MTVSty1e the Gargoyle Monk began the quest for the Orb.
     0 | D:1      | Reached XP level 1. HP: 14/14 MP: 1/1
    91 | D:1      | Reached skill level 3 in Axes
   138 | D:1      | Reached XP level 2. HP: 15/19 MP: 2/2
   368 | D:1      | Reached XP level 3. HP: 23/23 MP: 3/3
   530 | D:1      | You fall through a shaft!
   887 | D:2      | Reached skill level 4 in Axes
  1290 | D:2      | Reached XP level 4. HP: 28/28 MP: 4/4
  1617 | D:3      | Found a blossoming altar of Fedhas.
  1780 | D:3      | Found a glowing silver altar of Zin.
  1963 | D:4      | Noticed an orc warrior
  2160 | D:4      | Found a staircase to the Ecumenical Temple.
  2200 | Temple   | Entered the Ecumenical Temple
  2210 | Temple   | Reached skill level 5 in Axes
  2210 | Temple   | Reached XP level 5. HP: 3/32 MP: 5/5
  2478 | Temple   | Became a worshipper of Warmaster Okawaru
  2478 | Temple   | Reached * piety under Okawaru
  2478 | Temple   | Reached ** piety under Okawaru
  2708 | D:4      | HP: 1/32 [orc priest/divine providence (17)]
  2713 | D:4      | HP: 1/32 [orc wizard/dagger (1)]
  2720 | Temple   | HP: 1/32 [orc wizard/dagger (1)]
  3044 | Temple   | Reached skill level 6 in Axes
  3044 | Temple   | Reached XP level 6. HP: 15/37 MP: 6/6
  3447 | D:4      | You fall through a shaft for 2 floors!
  3573 | D:5      | Entered Level 5 of the Dungeon
  3618 | D:5      | Noticed a sky beast
  3690 | D:4      | HP: 1/37 [orc warrior/enchanted trident (11)]
  3691 | D:4      | Mangled by an orc warrior

Skill      XL: |  1  2  3  4  5 |
---------------+----------------+-----
Axes           | 3 4 5 6 |  6.7
Fighting       | |  3.2
Dodging        | |  2.4
Stealth        | |  2.1

Action                   |  1- 3 |  4- 6 || total
-------------------------+-------+-------++-------
Melee: Hand axe          |    97 |   206 ||   303
Invok: Heroism           |       |     1 ||     1
  Use: Potion            |       |     6 ||     6
 Stab: Distracted        |     1 |       ||     1
       Sleeping          |       |     1 ||     1
  Eat: Chunk             |     1 |     4 ||     5
       Ration            |       |     1 ||     1
Armor: Robe              |    17 |       ||    17
       Ring mail         |    14 |   113 ||   127
Dodge: Dodged            |    62 |   160 ||   222
